 Dungeon Crawl Stone Soup version bcrawl-1.41 (webtiles) character file.

Game seed: 9025984885260875570

148610 yrara the Skirmisher (level 3, 0/29 HPs)
             Began as a Demonspawn Fighter on Mar 26, 2024.
             Slain by Sigmund
             ... wielding a +0 scythe
              (6 damage)
             ... on level 2 of the Dungeon.
             The game lasted 00:01:22 (1142 turns).

yrara the Skirmisher (Demonspawn Fighter)           Turns: 1142, Time: 00:01:22

Health: 0/29       AC:  7    Str: 17    XL:     3   Next: 87%
Magic:  4/4        EV:  9    Int:  9    God:
Gold:   100        SH:  0    Dex: 12    Spells: 2/2 levels left

rFire    x . .     GDR:     27%   - Claws (12.0)
rCold    + . .     SeeInvis .   (no shield)
rNeg     . . .     Gourm    .   b - +0 scale mail
rPois    .         Faith    .   n - +0 helmet
rElec    .         Spirit   .   (no cloak)
rCorr    .         Reflect  .   (no gloves)
MR       .....                  (no boots)
Stlth    ..........             (no amulet)
HPRegen  0.14/turn              f - ring of ice
MPRegen  0.09/turn              (no ring)

@: no status effects
A: claws 2
a: no special abilities


You were on level 2 of the Dungeon.
You were not hungry.

You visited 1 branch of the dungeon, and saw 2 of its levels.

You collected 100 gold pieces.

Inventory:

Hand Weapons
 a - a +0 flail
Missiles
 g - 215 arrows
Armour
 b - a +0 scale mail (worn)
 c - a +0 medium shield
 n - a +0 helmet (worn)
Jewellery
 f - a ring of ice (left claw)
Scrolls
 i - a scroll of identify
 k - a scroll of amnesia {unknown}
 l - a scroll of teleportation
 m - a scroll of fear {unknown}
Potions
 d - a potion of might
 h - 3 potions of cancellation
 o - a potion of mutation {unknown}
Comestibles
 e - 2 rations {!d}


   Skills:
 - Level 3.1 Fighting
 - Level 2.1 Maces & Flails
 - Level 2.9 Armour
 - Level 2.6 Shields
 + Level 2.6 Unarmed Combat


You had 2 spell levels left.
You didn't know any spells.
Your spell library was empty.

Dungeon Overview and Level Annotations

Branches:
Dungeon (2/12)

Altars:
Hepliaklqana
Lugonu
Nemelex Xobeh
Qazlal

Annotations:
D:2 Sigmund


Innate Abilities, Weirdness & Mutations

You have very sharp fingernails.


Message History

Sigmund looks satisfied for a moment.
The kobold hits you with a +0 short sword.
The giant cockroach bites you but does no damage.
Your scale mail prevents you from hitting Sigmund.
Sigmund is moderately wounded.
Sigmund hits you with a +0 scythe!
The kobold hits you with a +0 short sword.
* * * LOW HITPOINT WARNING * * *
The giant cockroach bites you.
* * * LOW HITPOINT WARNING * * *
You scratch Sigmund.
Sigmund is heavily wounded.
The kobold hits you with a +0 short sword.
* * * LOW HITPOINT WARNING * * *
The giant cockroach barely misses you. Sigmund hits you but does no damage.
Your scale mail prevents you from hitting Sigmund.
Sigmund is heavily wounded.
The giant cockroach barely misses you. The kobold misses you.
Sigmund hits you from afar with a +0 scythe.
You die...

.........##.##.#######
....####.##.##.# ####
##).# #.##.##.# ...
#..####.##.##.###.#
##......รท..........#
...................# #
##.#####.##)##.###.#.##..
#...####.##.##.###.......
.....##..##.##..@s@....#
.........##.######K......
.....####...# .#.....
#...## #.### .# ##.#
##.## ###.# .# # #.#
#...# .# #.####...##
##.##
#.........####......
#.#..###...<...#


You could see Sigmund, a giant cockroach and a kobold.

Vanquished Creatures
  Robin (D:2)
  A worm (D:2)
  2 dart slugs (D:2)
  A leopard gecko (D:1)
  6 bats
  2 giant cockroaches
  9 goblins
  6 hobgoblins
  2 jackals (D:1)
  5 frilled lizards
  5 kobolds
  2 rats
42 creatures vanquished.

Notes
Turn   | Place    | Note
-------+----------+-------------------------------------------
     0 | D:1      | yrara the Demonspawn Fighter began the quest for the Orb.
     0 | D:1      | Reached XP level 1. HP: 18/18 MP: 2/2
   126 | D:1      | Gained mutation: You have sharp fingernails. [demonic
                  | ancestry]
   126 | D:1      | Reached XP level 2. HP: 23/24 MP: 3/3
   305 | D:1      | Reached skill level 1 in Unarmed Combat
   691 | D:2      | Gained mutation: You have very sharp fingernails. [demonic
                  | ancestry]
   691 | D:2      | Reached XP level 3. HP: 27/29 MP: 4/4
   798 | D:2      | Noticed Robin
   818 | D:2      | Killed Robin
  1003 | D:2      | Found a hazy altar of Hepliaklqana.
  1004 | D:2      | Found a stormy altar of Qazlal.
  1005 | D:2      | Found a corrupted altar of Lugonu.
  1006 | D:2      | Found a sparkling altar of Nemelex Xobeh.
  1126 | D:2      | Noticed Sigmund
  1142 | D:2      | Slain by Sigmund

Skill      XL: |  1  2  3 |
---------------+----------+-----
Maces & Flails | 2 |  2.1
Unarmed Combat | 1 2 |  2.6
Fighting       | |  3.1
Armour         | |  2.9
Shields        | |  2.6

Action                   || total
-------------------------++-------
Melee: Flail             ||    82
       Punch             ||     1
       Unarmed           ||    56
  Use: Scroll            ||     4
  Eat: Chunk             ||     5
Armor: Scale mail        ||    70
Dodge: Dodged            ||    92
